cohdb
Replays
Latest Replays
All Replays
Popular Replays
Top Player Replays
Match Explorer
How It Works
Community
CoH3 Stats
Reddit
Sign in to upload your games and track your stats! →
Sign in with Steam
Match 41440126
Unlisted
Match 41440126
Overview
Messages
Build Orders
End
Construct Section Command Post
Selects Canadian Shock Battlegroup
Infantry Section
Infantry Section
Infantry Section
Grenade Package
Construct Platoon Command Post
Selects Incendiary Munitions
Humber Armored Car
Selects Attacking Spirit
Vickers Machine Gun Team
6-pounder Anti-tank Gun Team
Selects Pyrotechnics
Construct Company Command Post
Crusader II Medium Tank
Crusader II Medium Tank
[KMLT]Sorceleur
MZMZ
jerjawe
Daniel
Mastur Bison
SpoSadiK
0
0
Comments
sign in to comment!
No comments posted yet!